 Dungeon Crawl Stone Soup version 0.27.1-33-g824d729ab1 (webtiles) character file.

Game seed: 9834213146896929864

58 vvl the Skirmisher (level 3, -1/29 HPs)
             Began as a Demonspawn Fighter on Dec 25, 2021.
             Slain by Sigmund (11 damage)
             ... on level 2 of the Dungeon.
             The game lasted 00:04:18 (1844 turns).

vvl the Skirmisher (Demonspawn Fighter)             Turns: 1844, Time: 00:04:19

Health: -1/29      AC:  6    Str: 17    XL:     3   Next: 76%
Magic:  4/4        EV:  7    Int:  9    God:
Gold:   35         SH:  0    Dex: 12    Spells: 3/3 levels left

rFire    . . .     SeeInvis .   f - +0 dagger (elec)
rCold    . . .     Faith    .   c - +0 kite shield
rNeg     . . .     Spirit   .   b - +0 scale mail
rPois    .         Reflect  .   (no helmet)
rElec    .         Harm     .   (no cloak)
rCorr    .         Rampage  .   (no gloves)
Will     .....                  (no boots)
Stlth    ..........             (no amulet)
HPRegen  0.09/turn              k - ring of wizardry
MPRegen  0.09/turn              (no ring)

@: confused, mighty, brilliant
A: claws 1
a: no special abilities


You were on level 2 of the Dungeon.
You visited 1 branch of the dungeon, and saw 2 of its levels.

You collected 35 gold pieces.

Inventory:

Hand Weapons
 a - a +0 long sword
 f - a +0 dagger of electrocution (weapon)
Armour
 b - a +0 scale mail (worn)
 c - a +0 kite shield (worn)
Jewellery
 e - a ring of fire
 k - a ring of wizardry (left claw)
Scrolls
 g - a scroll of summoning {unknown}
 i - a scroll of identify {unknown}
 l - a scroll of magic mapping {unknown}
 m - a scroll of holy word {unknown}


   Skills:
 + Level 3.2 Fighting
 - Level 2.0 Long Blades
 + Level 2.9 Armour
 + Level 2.9 Shields
 * Level 1.0 Unarmed Combat
 + Level 0.9 Spellcasting
 * Level 1.9 Necromancy


You had 3 spell levels left.
You didn't know any spells.
Your spell library contained the following spells:

 Spells                   Type           Power      Damage    Failure   Level
 Stone Arrow              Conj/Erth      0%         3d7       99%         3
 Bolt of Magma            Conj/Fire/Erth 0%         4d4       100%        5
 Shatter                  Erth           0%         3d5*      100%        9


Dungeon Overview and Level Annotations

Branches:
Dungeon (2/15)

Altars:
Fedhas

Annotations:
D:2 Sigmund


Innate Abilities, Weirdness & Mutations

You have sharp fingernails.


Message History

You bump into the rock wall.
The ball python barely misses you. The ball python grabs you.
The ball python constricts you. Something hits you but does no damage.
You escape the ball python's grasp.
You bump into the rock wall.
The ball python barely misses you. The ball python grabs you.
The ball python constricts you.
You escape the ball python's grasp.
Something hits you. Something hits you.
You bump into the rock wall.
The ball python barely misses you. The ball python misses you.
The ball python bites you. The ball python grabs you.
The ball python constricts you.
You escape the ball python's grasp.
Something hits you.
You feel less invigorated.
You feel less confused.
You block the ball python's attack. x2; You block something's attack.
The ball python barely misses you. The ball python completely misses you.
You puncture the ball python!
You kill the ball python!
Something hits you but does no damage.
You hit something but do no damage. Something hits you.
You puncture something! Something hits you!
You closely miss something. You miss something.
You hear some strange, mumbled words.
You are confused.
Something hits you but does no damage.
You hear some strange, mumbled words.
You are more confused.
Something hits you but does no damage.
You hit something. Something hits you.
You closely miss something.
You bump into the rock wall.
Sigmund appears from thin air!
Reactivating autopickup.
Sigmund casts a spell at you. The puff of flame hits you.
Sigmund gestures wildly while chanting.
Sigmund flickers and vanishes!
Deactivating autopickup; reactivate with Ctrl-A.
You bump into the rock wall.
Something hits you!
You die...

.. ......'...+..............
.# ......#.###..............
.# ##### #.# #..............
.# #.# #.............. .####
#.###.............. ....####
#...#.............. ........
#{..#.............. ....###.
+...#..............
.##############.@.#
.............
......†......†#####
............ .############.#
........... .#........# #.#
#)....#####
g#.######.###.#########.....#
###
.#..........................#
#..
.#.........##.#.......†.....#
#..
.'............#.............#
#..
##............#.............#
#..


There were no monsters in sight!

Vanquished Creatures
  An adder (D:2)
  2 gnolls
  A dart slug (D:1)
  A bat (D:2)
  3 endoplasms
  2 giant cockroaches (D:1)
  4 goblins
  2 hobgoblins
  2 quokkas (D:1)
  5 ball pythons
  3 frilled lizards
  A kobold (D:1)
  A rat (D:2)
28 creatures vanquished.

Notes
Turn   | Place    | Note
-------+----------+-------------------------------------------
     0 | D:1      | vvl the Demonspawn Fighter began the quest for the Orb.
     0 | D:1      | Reached XP level 1. HP: 18/18 MP: 1/1
   247 | D:1      | Gained mutation: You have sharp fingernails. [demonic
                  | ancestry]
   247 | D:1      | Reached XP level 2. HP: 23/24 MP: 2/2
   265 | D:1      | Reached skill level 1 in Necromancy
   641 | D:1      | Found a faded altar of an unknown god.
   681 | D:1      | You fall into a shaft and drop 1 floor!
   837 | D:2      | Found a blossoming altar of Fedhas.
   937 | D:2      | Reached XP level 3. HP: 29/29 MP: 2/4
  1045 | D:1      | Reached skill level 1 in Unarmed Combat
  1805 | D:2      | Noticed Sigmund
  1844 | D:2      | Slain by Sigmund

Illustrated notes

Levels and vault maps discovered:
D:1:      shiori_arrival_oz, layout_loops_corners,
          shapermc_ecumenical_altar_hornbeckon
D:2:      layout_basic, basic_altar, uniq_sigmund

Skill      XL: |  1  2  3 |
---------------+----------+-----
Necromancy     | 1 |  1.9
Long Blades    | 2 |  2.0
Unarmed Combat | 1 |  1.0
Fighting       | |  3.2
Armour         | |  2.9
Shields        | |  2.9
Spellcasting   | |  0.9

Action                   || total
-------------------------++-------
Melee: Long sword        ||    26
       Dagger            ||    50
  Use: Potion            ||     3
Armor: Scale mail        ||    33
Dodge: Dodged            ||    32
Block: Kite shield       ||    38
       Rpst.: Long sword ||     1
